 Dungeon Crawl Stone Soup version 0.30.1-4-g462c640d31 (webtiles) character file.

Game seed: 4305569362750127825

217 DungeonDestroyer the Covert (level 5, -6/35 HPs)
             Began as an Octopode Brigand on May 15, 2023.
             Mangled by a gnoll
             ... wielding a +0 spear
              (8 damage)
             ... on level 4 of the Dungeon on Sept 12, 2023.
             The game lasted 00:05:47 (2291 turns).

DungeonDestroyer the Covert (Octopode Brigand)      Turns: 2291, Time: 00:05:48

Health: -6/35      AC:  1    Str: 13    XL:     5   Next: 94%
Magic:  5/5        EV: 13    Int: 13    God:
Gold:   150        SH:  0    Dex: 13    Spells: 4/4 levels left

rFire   . . .        a - +2 dagger
rCold   . . .        (no shield)
rNeg    . . .        (helmet restricted)
rPois   .            (no amulet)
rElec   .            (no ring)
rCorr   .            (no ring)
SInv    .            (no ring)
Will    .....        (no ring)
Stlth   +++++        (no ring)
HPRegen 0.25/turn    (no ring)
MPRegen 0.09/turn    (no ring)
                     (no ring)

%: no passive effects
@: no status effects
A: almost no armour, amphibious, 8 rings, camouflage 1, gelatinous body 1,
(nimble swimmer 1), tentacles
a: no special abilities


You were on level 4 of the Dungeon.
You visited 1 branch of the dungeon, and saw 4 of its levels.

You collected 150 gold pieces.

Inventory:

Hand Weapons
 a - a +2 dagger (weapon)
Missiles
 b - 17 poisoned darts
 c - 3 curare-tipped darts (quivered)
Jewellery
 g - a +6 ring of intelligence
Wands
 e - a wand of charming (9)
Potions
 d - 4 potions of curing


   Skills:
 + Level 2.7 Fighting
 + Level 3.0 Short Blades
 + Level 2.1 Throwing
 + Level 1.6 Dodging
 + Level 8.3 Stealth


You had 4 spell levels left.
You didn't know any spells.
Your spell library was empty.

Dungeon Overview and Level Annotations

Branches:
Dungeon (4/15)
 Temple: D:4-7

Altars:
Okawaru


Innate Abilities, Weirdness & Mutations

You cannot wear most types of armour.
You are amphibious.
You can wear up to eight rings at the same time.
Your skin changes colour to match your surroundings (Stealth+).
Your rubbery body absorbs attacks. (AC +1, EV +1)
((You are camouflaged when in or above water. (Stealth+)))
You have tentacles for arms and can constrict up to eight enemies at once.


Message History

The gnoll hits you but does no damage.
The gnoll hits you from afar with a +0 spear.
The gnoll hits you but does no damage. The gnoll hits you but does no damage.
The gnoll hits you but does no damage. The gnoll hits you but does no damage.
The gnoll barely misses you. The gnoll hits you but does no damage.
The gnoll hits you but does no damage.
The gnoll hits you from afar with a +0 spear.
An orc comes into view. It is wielding a +0 dagger.
The gnoll hits you but does no damage. The gnoll hits you but does no damage.
The gnoll hits you but does no damage.
The gnoll hits you from afar with a +0 spear.
The gnoll hits you but does no damage.
The gnoll hits you from afar with a +0 spear.
The gnoll hits you but does no damage.
Your transformation is almost over.
The gnoll hits you but does no damage.
A scorpion comes into view.
The gnoll hits you from afar with a +0 spear.
* * * LOW HITPOINT WARNING * * *
The gnoll hits you but does no damage. The gnoll hits you but does no damage.
The gnoll hits you but does no damage.
The gnoll hits you from afar with a +0 spear.
* * * LOW HITPOINT WARNING * * *
The gnoll hits you from afar with a +0 spear!
* * * LOW HITPOINT WARNING * * *
The gnoll hits you from afar with a +0 spear.
* * * LOW HITPOINT WARNING * * *
The gnoll hits you but does no damage. The gnoll hits you but does no damage.
You feel less wooden. The gnoll barely misses you.
An orc comes into view. It is wielding a +0 hand axe.
The gnoll misses you.
The gnoll hits you from afar with a +0 spear!
You die...

#.##...#####..#..#
.........###..#))# #
#.##...#.#.....o.# .#
#.###.##).....##)# ...
#.###.##...##.##.# ..#.
...##.##...##<##.##.....
.....(..........g....#
..............##.##..#
..........######@# .#
....#####.# #.# # #.#.#
#.# #.# #.#.# #.# #<.
#.#.# ... ... #.#.. .##
#### #.... ###### #


You could see a gnoll and an orc.

Vanquished Creatures
  An iguana (D:4)
  Natasha (thrice) (D:2)
  2 adders
  3 gnolls (D:4)
  A shadow imp (D:4)
  2 worms
  A dart slug (D:4)
  5 ball pythons
  8 bats
  7 endoplasms
  A giant cockroach (D:2)
  5 goblins
  3 hobgoblins
  6 kobolds
  4 quokkas
  A frilled lizard (D:3)
  4 rats
57 creatures vanquished.

Notes
Turn   | Place    | Note
-------+----------+-------------------------------------------
     0 | D:1      | DungeonDestroyer the Octopode Brigand began the quest for
                  | the Orb.
     0 | D:1      | Reached XP level 1. HP: 14/14 MP: 1/1
   143 | D:1      | Reached XP level 2. HP: 17/19 MP: 2/2
   343 | D:1      | Reached skill level 6 in Stealth
   780 | D:1      | Found a faded altar of an unknown god.
   933 | D:2      | Reached XP level 3. HP: 24/24 MP: 3/3
  1298 | D:2      | Noticed Natasha
  1305 | D:2      | Killed Natasha
  1306 | D:2      | Reached XP level 4. HP: 30/30 MP: 4/4
  1354 | D:2      | Noticed Natasha
  1366 | D:2      | Killed Natasha
  1367 | D:2      | Reached skill level 7 in Stealth
  1579 | D:3      | Found an iron altar of Okawaru.
  1855 | D:2      | Noticed Natasha
  1866 | D:2      | Killed Natasha
  1867 | D:2      | Reached XP level 5. HP: 35/35 MP: 5/5
  1946 | D:4      | Upgraded the game from 0.30.0-10-gfe55d96785 to
                  | 0.30.1-4-g462c640d31
  2221 | D:4      | Reached skill level 8 in Stealth
  2285 | D:4      | HP: 2/52 [gnoll/+0 spear (7)]
  2291 | D:4      | Mangled by a gnoll

Illustrated notes

Levels and vault maps discovered:
D:1:      dpeg_chamrin_arrival_tetris, layout_basic,
          shapermc_ecumenical_altar_pompeii, minmay_misc_feat_tower
D:2:      layout_loops_ring, uniq_natasha
D:3:      layout_basic, okawaru_ov_weapons_minmay
D:4:      layout_loops_ring

Skill      XL: |  1  2  3  4  5 |
---------------+----------------+-----
Stealth        | 6 7 8 |  8.3
Short Blades   | 3 |  3.0
Fighting       | |  2.7
Throwing       | |  2.1
Dodging        | |  1.6

Action                     |  1- 3 |  4- 6 || total
---------------------------+-------+-------++-------
  Melee: Dagger            |    46 |    48 ||    94
         Constrict         |    10 |     9 ||    19
         Tentacles         |     5 |    14 ||    19
    Use: Potion            |       |     7 ||     7
         Scroll            |       |     4 ||     4
   Stab: Sleeping          |    14 |    15 ||    29
 Armour: Skin              |     1 |    27 ||    28
  Dodge: Dodged            |    31 |    26 ||    57
